 Dungeon Crawl Stone Soup version 0.32-a0-675-gdc239d62e1 (webtiles) character file.

Game seed: 8350072449771563249

3509 Shayle the Arsonist (level 10, -14/63 HPs)
             Began as a Coglin Alchemist on Mar 11, 2024.
             Was a Priest of Zin.
             Demolished by a white ugly thing (16 damage)
             ... on level 8 of the Dungeon.
             The game lasted 00:27:27 (8343 turns).

Shayle the Arsonist (Coglin Alchemist)              Turns: 8343, Time: 00:27:28

Health: -14/63     AC:  5    Str:  8    XL:     10   Next: 7%
Magic:  2/13       EV: 13    Int: 19    God:    Zin [***...]
Gold:   327        SH:  0    Dex: 15    Spells: 4/14 levels left

rFire   . . .        l - +2 whip (venom) {Audrea}
rCold   . . .        j - +0 dagger (elec) {Hori}
rNeg    + . .        B - +2 robe {rN+}
rPois   .            (helmet restricted)
rElec   .            (no cloak)
rCorr   .            C - +1 pair of gloves
SInv    .            g - +2 pair of boots {Fly}
Will    .....        (amulet unavailable)
Stlth   ++           (ring unavailable)
HPRegen 0.30/turn    (ring unavailable)
MPRegen 0.13/turn    (no gizmo)

%: no passive effects
@: corroded, flying, very slightly contaminated, revved
A: off-hand wielding, slow wielding, warmup strikes, no jewellery, antennae 1
a: Invent Gizmo, Renounce Religion, Recite, Vitalisation, Imprison, Donate Gold


You were on level 8 of the Dungeon.
You worshipped Zin.
Zin was most pleased with you.
You visited 2 branches of the dungeon, and saw 9 of its levels.
You also visited: Ossuary.

You collected 363 gold pieces.
You donated 36 gold pieces to Zin.

Inventory:

Hand Weapons
 c - a +0 morningstar {Francisco}
 e - a +0 mace {Suphaphon}
 f - a +0 short sword {Eadwine}
 j - a +0 dagger of electrocution (offhand) {Hori}
 l - a +2 whip of venom (weapon) {Audrea}
 z - a +4 short sword
Armour
 a - a +0 robe
 g - a +2 pair of boots of flying (worn)
 o - a +3 chain mail
 q - a +0 helmet
 B - a +2 robe of positive energy (worn)
 C - a +1 pair of gloves (worn)
Wands
 y - a wand of mindburst (18)
Scrolls
 b - 2 scrolls of fog
 k - a scroll of vulnerability
 r - a scroll of torment
 t - a scroll of enchant armour
 u - 2 scrolls of blinking
 v - 2 scrolls of poison
 w - a scroll of immolation
 A - a scroll of summoning {unknown}
 D - a scroll of identify
 E - a scroll of fear {unknown}
Potions
 d - a potion of enlightenment {unknown}
 h - a potion of invisibility
 i - 2 potions of degeneration
 m - a potion of attraction {unknown}
 n - 4 potions of curing
 p - a potion of resistance {unknown}
 s - a potion of brilliance {unknown}
 x - 2 potions of ambrosia {unknown}


   Skills:
 - Level 2.7 Dodging
 - Level 1.5 Stealth
 - Level 2.6 Spellcasting
 + Level 2.6 Conjurations
 - Level 8.7 Fire Magic
 + Level 6.0 Air Magic
 - Level 4.2 Alchemy
 + Level 4.8 Invocations


You had 4 spell levels left.
You knew the following spells:

 Your Spells              Type           Power      Damage    Failure   Level
a - Sting                 Conj/Alch      60%        1d6       4%          1
b - Mercury Vapours       Alch/Air       42%        N/A       3%          2
c - Sticky Flame          Fire/Alch      27%        2d7       11%         4
d - Mephitic Cloud        Conj/Alch/Air  18%        N/A       9%          3

Your spell library contained the following spells:

 Spells                   Type           Power      Damage    Failure   Level
 Static Discharge         Conj/Air       36%        3-5/arc   4%          2
 Airstrike                Air            12%        2d(2-18)  14%         4
 Apportation              Tloc           4%         N/A       16%         1
 Necrotise                Necr           8%         1d4       16%         1
 Summon Small Mammal      Summ           8%         N/A       16%         1
 Dazzling Flash           Conj/Hex       14%        N/A       28%         3
 Olgreb's Toxic Radiance  Alch           18%        N/A       28%         4
 Summon Lightning Spire   Summ/Air       13%        N/A       43%         4
 Alistair's Intoxication  Alch           12%        N/A       61%         5
 Silence                  Hex/Air        6%         N/A       78%         5
 Borgnjor's Vile Clutch   Necr/Erth      1%         N/A       99%         5
 Curse of Agony           Necr           2%         N/A       99%         5
 Eringya's Noxious Bog    Alch           9%         4d6       99%         6


Dungeon Overview and Level Annotations

Branches:
Dungeon (8/15)             Temple (1/1) D:5         Ossuary (visited)
   Lair: D:8-11

Altars:
Dithmenos
Elyvilon
Fedhas
Gozag
Hepliaklqana
Kikubaaqudgha
Makhleb
Nemelex Xobeh
Okawaru
Qazlal
Ru
Sif Muna
Trog
Vehumet
Wu Jian
Xom
Yredelemnul
Zin
The Shining One

Shops:
D:1 *


Innate Abilities, Weirdness & Mutations

You can wield a second weapon in your off-hand.
It takes a long time for you to wield or remove held weapons.
Your first few attacks do less damage.
You cannot equip rings or amulets.
You have a pair of small antennae on your head.


Message History

You hit the brown ugly thing but do no damage.
The brown ugly thing is poisoned.
The brown ugly thing is moderately wounded.
You hit the brown ugly thing with your +0 dagger of electrocution.
The brown ugly thing burns!
The brown ugly thing closely misses you.
You hit the brown ugly thing but do no damage.
The brown ugly thing looks even sicker.
The brown ugly thing is severely wounded.
You hit the brown ugly thing but do no damage.
The brown ugly thing burns!
The brown ugly thing completely misses you.
You hit the brown ugly thing with your +2 whip of venom.
The brown ugly thing is severely wounded.
You hit the brown ugly thing but do no damage.
The brown ugly thing burns!
The brown ugly thing stops burning.
The brown ugly thing claws you!
You are splashed with acid!
The brown ugly thing barely misses you.
You barely miss the brown ugly thing with your +0 dagger of electrocution.
The brown ugly thing is almost dead.
You closely miss the brown ugly thing with your +2 whip of venom.
The brown ugly thing barely misses you.
You hit the brown ugly thing but do no damage.
The brown ugly thing looks as sick as possible!
The brown ugly thing is almost dead.
You hit the brown ugly thing but do no damage.
The brown ugly thing basks in your mutagenic energy and changes!
Casting: Sticky Flame (dangerous; 11% risk of failure)
Confirm with . or Enter, or press ? or * to list all spells.
Aiming: Sticky Flame (dangerous; 11% risk of failure)
Press: ? - help, Shift-Dir - straight line, f/p - white ugly thing
Aim: a white ugly thing (almost dead, extremely poisoned)
You miscast Sticky Flame.
Nothing appears to happen.
You feel better. The white ugly thing gores you.
The white ugly thing freezes you!!
* * * LOW HITPOINT WARNING * * *
You feel better. The white ugly thing gores you!
* * * LOW HITPOINT WARNING * * *
The white ugly thing freezes you!
You die...

######### #.......# ####
#.......# ..)#
##########.......## ...#
#######.....>...........#
...###.......................#
##...........#####...÷.......####
..)........†....@uz.....#z.......
##........########z.#####.....<..
#........# #......### #####....
#........# #^.......########....
#........# #........#...........
#........# #............###.....
#.....)..# #..........####......
#........###....zzz..### #......
#.....(...##...........###......


You could see a white ugly thing (extremely poisoned) and 2 wights.

Vanquished Creatures
  A wyvern (D:8)
  A steam dragon (D:8)
  A water moccasin (D:6)
  A black bear (D:5)
  3 orc warriors
  2 ice beasts
  An ogre (D:4)
  4 sky beasts
  A centaur (D:7)
  A phantom (D:7)
  2 kobold brigands
  2 elf zombies (Ossuary)
  2 scorpions
  5 bullfrogs
  A wight (D:8)
  4 howler monkeys (D:7)
  An electric eel (D:7)
  2 centaur zombies (Ossuary)
  2 jellies
  2 orc priests
  A bombardier beetle (D:3)
  4 hounds
  4 human zombies (Ossuary)
  An iguana (D:7)
  6 orc wizards
  7 hound zombies (Ossuary)
  2 mummies (Ossuary)
  5 gnolls
  5 adders
  A shadow imp (D:8)
  A white imp (D:6)
  4 adder zombies (Ossuary)
  A ribbon worm (D:2)
  23 orcs
  4 bats
  4 endoplasms
  7 goblins
  4 hobgoblins
  6 jackals (D:3)
  16 kobolds
  A quokka (D:1)
  10 ball pythons
  2 frilled lizards (D:1)
  3 gnoll zombies (Ossuary)
  5 jackal zombies (Ossuary)
  8 kobold zombies (Ossuary)
  2 orc zombies (Ossuary)
  9 rats
185 creatures vanquished.

Notes
Turn   | Place    | Note
-------+----------+-------------------------------------------
     0 | D:1      | Shayle the Coglin Alchemist began the quest for the Orb.
     0 | D:1      | Reached XP level 1. HP: 13/13 MP: 3/3
   173 | D:1      | Reached skill level 1 in Conjurations
   188 | D:1      | Found Powoe's General Store.
   249 | D:1      | Reached XP level 2. HP: 18/19 MP: 4/4
   396 | D:1      | Learned a level 2 spell: Mercury Vapours
   502 | D:1      | Reached XP level 3. HP: 23/24 MP: 6/6
   936 | D:2      | You fall into a shaft and drop 2 floors!
   985 | D:4      | Noticed a scorpion
   992 | D:4      | Killed a scorpion
   993 | D:4      | Reached XP level 4. HP: 19/30 MP: 4/7
  1126 | D:4      | Found a sand-covered staircase.
  1130 | Ossuary  | Entered an ossuary
  1166 | Ossuary  | Reached XP level 5. HP: 15/35 MP: 8/8
  1251 | Ossuary  | Learned a level 4 spell: Sticky Flame
  1304 | Ossuary  | Reached skill level 1 in Fire Magic
  1462 | Ossuary  | Reached skill level 2 in Fire Magic
  1545 | Ossuary  | Gained mutation: You are occasionally teleported next to
                  | monsters. [potion of mutation]
  1545 | Ossuary  | Gained mutation: Your flesh is cold resistant. (rC+)
                  | [potion of mutation]
  1548 | Ossuary  | Reached XP level 6. HP: 12/41 MP: 9/9
  1554 | Ossuary  | Reached skill level 3 in Fire Magic
  1828 | Ossuary  | Reached skill level 4 in Fire Magic
  1984 | Ossuary  | Reached XP level 7. HP: 26/46 MP: 5/10
  2020 | Ossuary  | Reached skill level 5 in Fire Magic
  2371 | D:3      | Identified a scroll of acquirement
  2373 | D:3      | Acquired a +2 pair of boots of flying
  3240 | D:3      | Found a faded altar of an unknown god.
  3409 | D:3      | Learned a level 3 spell: Mephitic Cloud
  3673 | D:3      | Reached skill level 6 in Fire Magic
  4349 | D:4      | Reached skill level 1 in Air Magic
  4389 | D:4      | Reached XP level 8. HP: 32/52 MP: 5/11
  4532 | D:5      | Entered Level 5 of the Dungeon
  4685 | D:5      | Lost mutation: Your flesh is cold resistant. (rC+) [potion
                  | of mutation]
  4685 | D:5      | Lost mutation: You are occasionally teleported next to
                  | monsters. [potion of mutation]
  4685 | D:5      | Gained mutation: You have a pair of small horns on your
                  | head. [potion of mutation]
  4685 | D:5      | Gained mutation: You are dopey. (Int -2) [potion of
                  | mutation]
  4685 | D:5      | Gained mutation: You sometimes lose your temper in combat.
                  | [potion of mutation]
  4686 | D:5      | Lost mutation: You sometimes lose your temper in combat.
                  | [potion of mutation]
  4686 | D:5      | Lost mutation: You have a pair of small horns on your head.
                  | [potion of mutation]
  4686 | D:5      | Lost mutation: You are dopey. (Int -2) [potion of mutation]
  4686 | D:5      | Gained mutation: You have a pair of small antennae on your
                  | head. [potion of mutation]
  4687 | D:5      | Found a staircase to the Ecumenical Temple.
  4701 | Temple   | Entered the Ecumenical Temple
  4717 | Temple   | Became a worshipper of Zin the Law-Giver
  4717 | Temple   | Reached * piety under Zin
  4986 | D:5      | Reached ** piety under Zin
  5095 | D:6      | Reached skill level 1 in Invocations
  5158 | D:6      | Reached skill level 7 in Fire Magic
  5203 | D:6      | Found a white marble altar of Elyvilon.
  5355 | D:6      | Reached XP level 9. HP: 31/57 MP: 6/12
  6202 | D:7      | Reached skill level 8 in Fire Magic
  6321 | D:7      | Reached skill level 5 in Air Magic
  6438 | D:7      | Reached *** piety under Zin
  6669 | D:7      | Found a glowing golden altar of the Shining One.
  7715 | D:8      | Reached XP level 10. HP: 58/63 MP: 5/13
  7803 | D:8      | Noticed a brown ugly thing
  8342 | D:8      | HP: 3/63 [white ugly thing (22)]
  8343 | D:8      | Demolished by a white ugly thing

Illustrated notes

Levels and vault maps discovered:
D:1:      ncdulo_smallfort, layout_basic, serial_shops, shop
D:2:      layout_basic
D:3:      layout_basic, shapermc_ecumenical_altar_venn
D:4:      layout_loops_ring, enter_ossuary_5
D:5:      layout_rooms, minmay_temple_entry_gardened_gates
D:6:      layout_cave_pools, mainiacjoe_overflow_catwalk
D:7:      layout_loops_ring, nicolae_lava_and_water, minmay_ruined_shrine
D:8:      layout_rooms
Temple:   regret_index_temple_mists

Skill      XL: |  1  2  3  4  5  6  7  8  9 10 |
---------------+-------------------------------+-----
Conjurations   | 1 2 |  2.6
Dodging        | 2 |  2.7
Spellcasting   | 2 |  2.6
Alchemy        | 4 |  4.2
Fire Magic     | 2 4 6 7 8 |  8.7
Air Magic      | 1 3 5 6 |  6.0
Invocations    | 2 4 |  4.8
Stealth        | |  1.5

Action                     |  1- 3 |  4- 6 |  7- 9 | 10-12 || total
---------------------------+-------+-------+-------+-------++-------
  Melee: Unarmed           |     7 |       |       |       ||     7
         Mace              |    26 |     6 |       |       ||    32
         Short sword       |    17 |       |       |       ||    17
         Punch             |     1 |       |       |       ||     1
         Dagger            |     7 |   121 |   330 |     8 ||   466
         Morningstar       |       |   118 |   162 |       ||   280
         Whip              |       |       |   160 |     8 ||   168
   Cast: Sting             |     9 |     1 |     3 |       ||    13
         Mercury Vapours   |     2 |     4 |     5 |       ||    11
         Sticky Flame      |       |     2 |    16 |     4 ||    22
         Mephitic Cloud    |       |       |    13 |     1 ||    14
 Invoke: Vitalisation      |       |       |     1 |       ||     1
  Evoke: Wand              |       |       |     1 |       ||     1
    Use: Scroll            |     1 |     1 |    13 |     1 ||    16
         Potion            |       |     5 |     5 |     2 ||    12
   Stab: Sleeping          |     2 |       |     2 |       ||     4
         Distracted        |       |     1 |       |       ||     1
         Confused          |       |       |    16 |       ||    16
 Armour: Robe              |    15 |    98 |   228 |    11 ||   352
  Dodge: Dodged            |    18 |    94 |   249 |    10 ||   371

Table legend: (Time is in decaauts)
 A = Elapsed time spent in this place.
 B = Non-inter-level travel time spent in this place.
 C = Inter-level travel time spent in this place.
 D = Time resting spent in this place.
 E = Time spent auto-exploring this place.
 F = Levels seen in this place.
 G = Mean time per level.
                   A        B        C        D        E       F      G
               +--------+--------+--------+--------+--------+-----+--------+
         Total |   8442 |   8216 |    226 |   1601 |   4347 |  10 |  844.2 |
       Dungeon |   7395 |   7169 |    226 |   1163 |   4347 |   8 |  924.4 |
        Temple |     25 |     25 |      0 |      0 |      0 |   1 |   25.0 |
       Ossuary |   1020 |   1020 |      0 |    438 |      0 |   1 | 1020.0 |
               +--------+--------+--------+--------+--------+-----+--------+

Top non-repeatable levels by time:
     D:7: 1454 daAuts
 Ossuary: 1020 daAuts
     D:3: 1008 daAuts
     D:6: 994 daAuts
     D:4: 966 daAuts
     D:1: 910 daAuts
     D:8: 785 daAuts
     D:2: 751 daAuts
     D:5: 524 daAuts
  Temple: 25 daAuts
